 Dungeon Crawl Stone Soup version 0.30.1-4-g462c640d31 (webtiles) character file.

Game seed: 10513822771491134113

148 spardeous the Conjurer (level 4, 0/33 HPs)
             Began as a Demigod Conjurer on Sept 5, 2023.
             Slain by a kobold brigand
             ... wielding a +0 club
              (1 damage)
             ... in a sewer.
             The game lasted 00:04:22 (3125 turns).

spardeous the Conjurer (Demigod Conjurer)           Turns: 3125, Time: 00:04:22

Health: 0/33       AC:  5    Str:  8    XL:     4   Next: 82%
Magic:  6/12       EV: 10    Int: 30    God:
Gold:   171        SH:  0    Dex: 12    Spells: 6/9 levels left

rFire   + . .        i - +1 short sword (holy)
rCold   . . .        (no shield)
rNeg    . . .        e - +0 ring mail
rPois   .            (no helmet)
rElec   .            (no cloak)
rCorr   .            (no gloves)
SInv    .            (no boots)
Will    .....        (no amulet)
Stlth   +            j - ring of protection from fire
HPRegen 0.25/turn    n - +6 ring of intelligence
MPRegen 0.13/turn

%: no passive effects
@: slowed, very slow
A: high MP 1, forlorn, divine attributes
a: no special abilities


You were in a sewer.
You visited 1 branch of the dungeon, and saw 3 of its levels.
You also visited: Sewer.

You collected 171 gold pieces.

Inventory:

Hand Weapons
 i - a +1 short sword of holy wrath (weapon)
Armour
 a - a +0 robe
 e - a +0 ring mail (worn)
Magical Staves
 k - a staff of fire
Jewellery
 j - a ring of protection from fire (left hand)
 n - a +6 ring of intelligence (right hand)
 s - an amulet of guardian spirit
Wands
 r - a wand of flame (21)
Scrolls
 c - 5 scrolls of identify {unknown}
 f - 5 scrolls of enchant armour {unknown}
 l - 2 scrolls of blinking {unknown}
 m - a scroll of vulnerability {unknown}
 q - a scroll of butterflies {unknown}
Potions
 b - a potion of magic
 d - 2 potions of flight {unknown}
 g - 2 potions of experience {unknown}
 h - 2 potions of curing {unknown}
 o - a potion of degeneration {unknown}
 p - a potion of might {unknown}
 t - 2 potions of invisibility {unknown}
 u - a potion of heal wounds {unknown}


   Skills:
 - Level 1.7 Dodging
 - Level 1.7 Stealth
 + Level 3.4 Spellcasting
 + Level 4.8 Conjurations


You had 6 spell levels left.
You knew the following spells:

 Your Spells              Type           Power      Damage    Failure   Level
a - Magic Dart            Conj           100%       1d8       3%          1
b - Searing Ray           Conj           68%        2d6       4%          2

Your spell library contained the following spells:

 Spells                   Type           Power      Damage    Failure   Level
 Dazzling Flash           Conj/Hex       38%        N/A       24%         3
 Fulminant Prism          Conj/Hex       9%         3d7       61%         4
 Iskenderun's Mystic Bla  Conj/Tloc      19%        2d6       61%         4


Dungeon Overview and Level Annotations

Branches:
Dungeon (3/15)              Sewer (1/1)


Innate Abilities, Weirdness & Mutations

You have an increased reservoir of magic. (+10% MP)
You shall have no god before yourself.
Your divine heritage dramatically boosts your attributes as you level up.


Message History

The kobold brigand throws a curare-tipped dart.
The curare-tipped dart hits you.
You are poisoned.
You have difficulty breathing.
You feel yourself slow down.
A kobold brigand is nearby!
Casting: Magic Dart (safe; 3% risk of failure)
Confirm with . or Enter, or press ? or * to list all spells.
Aiming: Magic Dart (safe; 3% risk of failure)
Press: ? - help, Shift-Dir - straight line, f/p - kobold brigand
Aim: a kobold brigand, wielding a +0 club and quivering curare-tipped darts (lightly wounded, 100% to hit)
The magic dart hits the kobold brigand!
The kobold brigand is heavily wounded.
You feel very sick.
You feel very sick.
You take 18 damage, and have 15/33 hp.
MASSIVE DAMAGE!!
You now have 9/12 mp.
You enter the shallow water.
Moving in this stuff is going to be slow.
You feel sick.
You take 2 damage, and have 13/33 hp.
You feel sick.
You take 1 damage, and have 12/33 hp.
Casting: Magic Dart (safe; 3% risk of failure)
Confirm with . or Enter, or press ? or * to list all spells.
Aiming: Searing Ray (safe; 4% risk of failure)
Press: ? - help, Shift-Dir - straight line, f/p - kobold brigand
Aim: a kobold brigand, wielding a +0 club and quivering curare-tipped darts (heavily wounded, 76% to hit)
The searing ray misses the kobold brigand. (Press . to maintain the ray.)
You feel sick.
The searing ray hits the kobold brigand.
The kobold brigand is heavily wounded.
You feel sick.
You are no longer poisoned.
The kobold brigand splashes around in the water.
You take 2 damage, and have 10/33 hp.
You now have 7/12 mp.
The searing ray misses the kobold brigand.
The kobold brigand hits you with a +0 club!
* * * LOW HITPOINT WARNING * * *
The kobold brigand hits you with a +0 club.
You die...

#≈≈≈≈≈≈≈≈≈≈≈≈≈≈#
#≈≈≈≈≈≈≈≈≈≈≈≈≈≈#
≈≈≈≈≈≈≈≈≈≈≈≈≈≈≈#
≈≈≈≈≈≈≈≈≈≈≈≈≈≈≈#
≈≈≈≈≈≈≈≈≈≈≈≈≈≈≈#≈# ≈≈≈
≈≈≈≈≈≈~.~..~≈≈≈#≈#≈≈≈≈
≈≈≈≈≈..~.~~~..~#.#≈≈≈≈
#≈≈≈≈#~##K~~~..P....~≈≈
#≈≈≈ #~ ##@~~~.~P.P.~..
#≈≈ #K ###~.~~~~~..~.
≈≈ #~ ##.~~.~~.~P~ ≈ #~
#...~~.~... #~
##...~..~~~ #...~..~~~
#.######.†.~....
~~~~~~~~~~~..~..
########~.†#####


You could see a kobold brigand.

Vanquished Creatures
  An orc priest (D:3)
  A river rat (Sewer)
  2 adders (Sewer)
  A worm (D:2)
  3 dart slugs
  2 orcs (D:3)
  8 ball pythons
  4 endoplasms
  6 giant cockroaches
  8 hobgoblins
  6 jackals
  5 kobolds
  4 quokkas
  7 bats
  3 frilled lizards
  7 goblins
  6 rats
74 creatures vanquished.

Notes
Turn   | Place    | Note
-------+----------+-------------------------------------------
     0 | D:1      | spardeous the Demigod Conjurer began the quest for the Orb.
     0 | D:1      | Reached XP level 1. HP: 14/14 MP: 5/5
   347 | D:1      | Reached XP level 2. HP: 20/20 MP: 0/7
   668 | D:1      | Reached skill level 4 in Conjurations
  1306 | D:1      | Reached XP level 3. HP: 26/26 MP: 6/9
  2619 | D:3      | Learned a level 2 spell: Searing Ray
  2668 | D:3      | Noticed an orc warrior
  2701 | D:3      | Reached XP level 4. HP: 33/33 MP: 7/11
  2871 | D:3      | Found a glowing drain.
  2897 | Sewer    | Entered a sewer
  3116 | Sewer    | Noticed a kobold brigand
  3125 | Sewer    | HP: 1/33 [kobold brigand/+0 club (9)]
  3125 | Sewer    | Slain by a kobold brigand

Illustrated notes

Levels and vault maps discovered:
D:1:      amcnicky_arrival_single_pillar, layout_basic,
          ebering_ecumenical_altar_hall
D:2:      layout_loops_cross
D:3:      layout_loops_ring, gup_sewer_entry_pipe
Sewer:    sewer_co_scattered_pipes

Skill      XL: |  1  2  3 |
---------------+----------+-----
Spellcasting   | 2 3 |  3.4
Conjurations   | 4 |  4.8
Dodging        | |  1.7
Stealth        | |  1.7

Action                     |  1- 3 |  4- 6 || total
---------------------------+-------+-------++-------
  Melee: Short sword       |       |    38 ||    38
   Cast: Magic Dart        |   110 |    32 ||   142
         Searing Ray       |     1 |     1 ||     2
 Armour: Robe              |     2 |       ||     2
         Ring mail         |     4 |    10 ||    14
  Dodge: Dodged            |    16 |    21 ||    37
